Map: Ever Dream LE

Players

Serral - Winner!

  • Race: Zerg Zerg
  • League: Grandmaster
  • Spawn Location: 7:00

Van (Vanya)

  • Race: Zerg Zerg
  • Spawn Location: 1:00

Event: DreamHack SC2 Masters 2020 Fall

VOD

Have the link to the VOD?

Description

Time

  • Played on: Aug. 29, 2020, 2:02 p.m.
  • Length: 7:33

All games in this series

Show
View Real Time Build Order
Export as new Build Order

Serral Zerg - Winner!

Build Orders: Pool First 

Get SALT Encoding   

  12  0:00  Drone  
  13  0:11  Overlord  
  13  0:16  Drone  
  14  0:30  Drone x2  
  14  0:34  Drone  
  17  0:43  Spawning Pool  
  17  0:46  Drone  
  17  1:06  Hatchery  
  17  1:09  Drone  
  17  1:11  Extractor  
  17  1:14  Drone  
  17  1:17  Drone  
  18  1:29  Queen  
  18  1:31  Zergling x2  
  21  1:39  Overlord  
  21  1:48  Drone  
  22  1:59  Drone  
  23  2:05  Queen  
  25  2:11  Drone, Metabolic Boost  
  26  2:17  Queen  
  26  2:19  Drone  
  29  2:26  Drone  
  30  2:30  Drone  
  30  2:31  Drone  
  30  2:36  Overlord  
  32  2:38  Drone x2  
  32  2:40  Drone  
  32  2:43  Drone  
  36  2:48  Evolution Chamber  
  34  2:53  Zergling x2  
  35  3:01  Zergling x4  
  37  3:10  Hatchery  
  36  3:16  Zergling x8  
  40  3:22  Zerg Ground Armor Level 1  
  40  3:26  Overlord  
  40  3:32  Drone x3  
  43  3:37  Drone  
  44  3:46  Overlord  
  44  3:56  Zergling x6  
  44  3:57  Zergling x2  
  44  3:59  Zergling x4  
  44  4:02  Overlord  
  50  4:06  Zergling x8  
  54  4:13  Roach Warren  
  54  4:16  Zergling x4  
  54  4:22  Zergling x6  
  54  4:23  Zergling x2  
  58  4:28  Overlord  
  58  4:29  Drone  
  57  4:39  Drone x2  
  59  4:51  Zergling x18  
  68  5:01  Drone x2  
  68  5:03  Overlord  
  70  5:07  Overlord  
  70  5:08  Roach x2  
  74  5:15  Drone, Roach  
  74  5:17  Zerg Missile Weapons Level 1  
  77  5:22  Drone x3  
  77  5:25  Extractor  
  77  5:28  Roach x2  
  83  5:35  Extractor  
  82  5:37  Roach x4  
  92  5:43  Roach  
  92  5:44  Overlord  
  92  5:45  Overlord  
  91  5:50  Roach  
  91  5:55  Roach  
  91  5:56  Spine Crawler  
  94  6:01  Roach  
  96  6:04  Roach  
  96  6:05  Roach  
  96  6:09  Zergling x10  
  105  6:15  Roach x2  
  104  6:26  Zergling x12  
  106  6:38  Zergling x2  
  106  6:39  Zergling x10  
  98  6:45  Zergling x6  
  86  6:49  Zergling x2  
  86  6:50  Zergling x2  
  79  6:54  Zergling x2  
  75  7:07  Drone x3  
  75  7:08  Drone  
  79  7:11  Ravager x3  
  79  7:12  Ravager  
  79  7:13  Roach  
Show
View Real Time Build Order
Export as new Build Order

Van Zerg 

Build Orders: Hatch First 

Get SALT Encoding   

  12  0:00  Drone  
  13  0:12  Overlord  
  13  0:16  Drone  
  14  0:30  Drone x2  
  16  0:47  Hatchery  
  15  0:51  Drone  
  15  0:55  Drone  
  17  0:57  Drone  
  18  1:09  Extractor  
  17  1:13  Spawning Pool  
  17  1:16  Drone  
  17  1:19  Drone  
  18  1:28  Drone  
  19  1:38  Drone  
  20  1:49  Drone  
  20  1:53  Evolution Chamber  
  20  1:59  Queen  
  20  2:00  Queen, Zergling x2  
  25  2:02  Drone  
  26  2:12  Overlord  
  26  2:13  Drone  
  27  2:19  Zerg Melee Weapons Level 1  
  27  2:21  Zergling x2  
  28  2:31  Overlord  
  28  2:35  Drone x2  
  30  2:44  Overlord  
  30  2:45  Metabolic Boost  
  30  2:50  Drone  
  31  2:54  Drone x2  
  33  2:59  Roach Warren  
  33  3:04  Drone x2  
  33  3:13  Drone x3  
  33  3:18  Zergling x6  
  39  3:23  Zergling x2  
  39  3:25  Overlord  
  40  3:34  Zergling x4  
  42  3:41  Overlord  
  42  3:45  Zergling x8  
  46  3:54  Zergling x6  
  49  3:57  Overlord  
  49  4:01  Roach  
  51  4:11  Roach x2  
  51  4:15  Drone  
  56  4:19  Hatchery  
  56  4:20  Roach x3  
  56  4:23  Zergling x2  
  62  4:27  Zergling x4  
  63  4:32  Overlord  
  63  4:43  Zergling x6  
  66  4:49  Overlord, Hatchery  
  66  4:51  Roach x3  
  71  4:58  Overlord x2  
  70  5:10  Roach x2  
  70  5:13  Overlord  
  74  5:19  Roach x4  
  81  5:22  Zergling x4  
  83  5:30  Zergling x2  
  83  5:31  Zergling x6  
  87  5:41  Zergling x2  
  87  5:42  Zergling x4  
  90  5:45  Zergling x2  
  91  5:53  Zergling x2  
  92  6:00  Zergling x2  
  92  6:02  Ravager x2  
  96  6:04  Queen, Zergling x14  
  103  6:13  Zergling x4  
  103  6:17  Zergling x2  
  104  6:20  Overlord  
  103  6:30  Overlord  
  92  6:34  Zergling x4  
  92  6:35  Zergling x14  
  88  6:40  Zergling x2  
  76  6:49  Zergling x4  
  76  6:54  Zergling x2  
  64  6:57  Drone  
  64  6:58  Drone  
  62  7:02  Drone  
  62  7:06  Drone x2  
  62  7:07  Extractor  
  66  7:08  Extractor  
  66  7:12  Drone  
  66  7:13  Drone  
  66  7:14  Drone  
  68  7:16  Drone x2  

Tags
 
Add a new tag
Caveats
  • Supply blocks, unpowered buildings, or Contaminate may cause inaccurate times.
  • Supply counts are checked every 10 seconds.